AoeStats
← Noobieski

Hideout

509875450Analyzed
1v1 RM · 4d ago on Sep 28, 2026· 30m 23s· 2 players
Game mode
Random Map
Map size
Tiny (2 player)
Population
200
Speed
Normal
Resources
Standard
Victory
Conquest
Starting age
Dark Age
Ending age
Imperial Age
RankedLock teamsTeams togetherTeam positionsShared explorationLock speedFull tech treeHidden civsTurbo modeCheats
Victory
Defeat
🇨🇳 Franks · China
1076
+15
🇪🇸 Maya · Spain
1054
-15
Mollin
0:27 Loom
11:56 Feudal Age
16:33 Castle Age
15:25 Double-Bit Axe
15:28 Horse Collar
17:32 Forging
18:14 Scale Mail Armor
18:43 Gold Mining
23:25 Iron Casting
22:47 Eagle Warrior
25:49 Chain Mail Armor
Noobieski
0:45 Loom
10:49 Feudal Age
19:01 Castle Age
17:07 Double-Bit Axe
19:58 Bow Saw
28:23 Wheelbarrow
Connection lost

Rejoining the realm…

Still unreachable

The connection could not be restored.

Session expired

The server has moved on; the page needs a fresh start.